 Dungeon Crawl Stone Soup version 0.29.1-2-gbd0b4ee654 (webtiles) character file.

Game seed: 15122779225731446495

67417 Sanktem7 the Warrior (level 14, -9/148 HPs)
             Began as a Minotaur Fighter on Nov 30, 2022.
             Was the Champion of Trog.
             Mangled by an orc knight
             ... wielding a +0 dire flail
              (29 damage)
             ... on level 2 of the Orcish Mines.
             The game lasted 01:00:58 (18010 turns).

Sanktem7 the Warrior (Minotaur Fighter)            Turns: 18010, Time: 01:00:59

Health: -9/148     AC: 19    Str: 28    XL:     14   Next: 82%
Magic:  13/13      EV: 11    Int: 11    God:    Trog [******]
Gold:   2148       SH:  0    Dex: 11    Spells: 13/13 levels left

rFire   x . .      SeeInvis +   G - +8 whip of Annihilation {flame, rElec Int+2 SInv, mace}
rCold   . . .      Faith    .   c - +0 buckler
rNeg    . . .      Spirit   .   m - +0 plate armour of Context {rF- Regen+ Str+3 Int+4}
rPois   .          Reflect  .   L - +2 hat
rElec   +          Harm     .   q - +1 cloak
rCorr   .          Rampage  .   M - +0 pair of gloves
Will    +....                   s - +2 pair of boots
Stlth   ..........              o - amulet of regeneration {@e2}
HPRegen 1.94/turn               n - +4 ring of evasion
MPRegen 0.13/turn               S - +4 ring of protection

@: confused, about to teleport, ambrosia-drunk, corroded
A: horns 2, retaliatory headbutt, beak, hooves 1
a: Renounce Religion, Berserk, Trog's Hand, Brothers in Arms


You were on level 2 of the Orcish Mines.
You worshipped Trog.
Trog was exalted by your worship.
You visited 4 branches of the dungeon, and saw 20 of its levels.
You also visited: Ossuary.

You collected 2148 gold pieces.


Innate Abilities, Weirdness & Mutations

You have a pair of horns on your head.
You reflexively headbutt those who attack you in melee.
You have a beak for a mouth.
You have large cloven feet.


   Skills:
 * Level 20.1 Fighting
 - Level 4.0(13.4) Axes
 * Level 19.6(19.7) Maces & Flails
 - Level 8.0 Throwing
 - Level 10.0 Armour
 - Level 5.0 Shields


You had 13 spell levels left.
You didn't know any spells.
Your spell library contained the following spells:

 Spells                   Type           Power      Damage    Failure   Level
 Apportation              Tloc           0%         N/A       98%         1
 Beastly Appendage        Tmut           0%         N/A       98%         1
 Foxfire                  Conj/Fire      0%         2x1d4     98%         1
 Magic Dart               Conj           0%         1d3       98%         1
 Necrotise                Necr           0%         1d4       98%         1
 Shock                    Conj/Air       0%         1d3       98%         1
 Slow                     Hex            0%         N/A       98%         1
 Summon Small Mammal      Summ           0%         N/A       98%         1
 Call Imp                 Summ           0%         N/A       99%         2
 Searing Ray              Conj           0%         2d4       99%         2
 Wereblood                Tmut           0%         N/A       99%         2
 Call Canine Familiar     Summ           0%         N/A       100%        3
 Confusing Touch          Hex            0%         N/A       100%        3
 Conjure Flame            Conj/Fire      0%         6-21      100%        3
 Gell's Gravitas          Tloc           0%         N/A       100%        3
 Ignite Poison            Fire/Tmut/Pois 0%         N/A       100%        3
 Inner Flame              Hex/Fire       0%         N/A       100%        3
 Lesser Beckoning         Tloc           0%         N/A       100%        3
 Mephitic Cloud           Conj/Pois/Air  0%         N/A       100%        3
 Spider Form              Tmut/Pois      0%         N/A       100%        3
 Summon Guardian Golem    Hex/Summ       0%         N/A       100%        3
 Swiftness                Air            0%         N/A       100%        3
 Teleport Other           Tloc           0%         N/A       100%        3
 Vampiric Draining        Necr           0%         2d6       100%        3
 Airstrike                Air            0%         2d(0-16)  100%        4
 Flame Wave               Conj/Fire      0%         2d4       100%        4
 Fulminant Prism          Conj/Hex       0%         3d6       100%        4
 Petrify                  Tmut/Erth      0%         N/A       100%        4
 Summon Lightning Spire   Summ/Air       0%         N/A       100%        4
 Blade Hands              Tmut           0%         N/A       100%        5
 Freezing Cloud           Conj/Ice/Air   0%         6-21      100%        5
 Irradiate                Conj/Tmut      0%         3d11      100%        5
 Lightning Bolt           Conj/Air       0%         1d11      100%        5
 Metabolic Englaciation   Hex/Ice        0%         N/A       100%        5
 Statue Form              Tmut/Erth      0%         N/A       100%        6
 Dragon Form              Tmut           0%         N/A       100%        7

Inventory:

Hand Weapons
 p - a +9 hammer of flaming
   (You found it on level 3 of the Dungeon)
 G - the +8 whip of Annihilation (weapon) {flame, rElec Int+2 SInv, mace}
   (You found it on level 2 of the Lair of Beasts)

   It burns those it strikes, dealing additional fire damage.
   Int:       It affects your intelligence (+2).
   rElec:     It insulates you from electricity.
   SInv:      It lets you see invisible.
 U - a +4 demon whip of flaming {mace}
   (Trog gifted it to you on level 1 of the Orcish Mines)
Missiles
 r - 16 boomerangs (quivered) {throwing}
 t - 53 poisoned darts {throwing}
 F - 5 javelins {throwing}
 O - 6 stones {throwing}
 P - 6 atropa-tipped darts {throwing}
 T - 4 curare-tipped darts {=fthrowing}
Armour
 c - a +0 buckler (worn)
 m - the +0 plate armour of Context (worn) {rF- Regen+ Str+3 Int+4}
   (You found it on level 2 of the Lair of Beasts)

   Str:       It affects your strength (+3).
   Int:       It affects your intelligence (+4).
   rF:        It makes you vulnerable to fire.
   Regen:     It increases your rate of health regeneration.
 q - a +1 cloak (worn)
   (You took it off Crazy Yiuf on level 3 of the Dungeon)
 s - a +2 pair of boots (worn)
   (You found it on level 4 of the Dungeon)
 L - a +2 hat (worn)
   (You found it on level 11 of the Dungeon)
 M - a +0 pair of gloves (worn)
   (You found it on level 4 of the Lair of Beasts)
Jewellery
 e - a ring of protection from fire
   (You found it on level 5 of the Dungeon)
 n - a +4 ring of evasion (left hand)
   (You found it on level 2 of the Dungeon)
 o - an amulet of regeneration (around neck) {@e2}
   (You found it on level 3 of the Dungeon)
 S - a +4 ring of protection (right hand)
   (You found it on level 9 of the Dungeon)
 V - a ring of ice
   (You took it off Fannar on level 1 of the Lair of Beasts)
Wands
 f - a wand of polymorph (7)
   (You found it on level 5 of the Lair of Beasts)
 i - a wand of mindburst (8)
   (You found it on level 11 of the Dungeon)
 z - a wand of light (10)
   (You found it on level 10 of the Dungeon)
 N - a wand of paralysis (37)
   (You found it on level 8 of the Dungeon)
 Q - a wand of iceblast (5)
   (You found it on level 8 of the Dungeon)
Scrolls
 a - 8 scrolls of amnesia
 g - 5 scrolls of fear
 h - 5 scrolls of teleportation {@r4}
 k - 10 scrolls of identify {@r1}
 l - 5 scrolls of vulnerability {!r!r}
 x - a scroll of silence {!r}
 y - 2 scrolls of magic mapping {!r}
 B - 3 scrolls of enchant weapon
 C - 5 scrolls of fog
 E - 2 scrolls of poison {!r}
 K - a scroll of immolation {!r!r}
Potions
 b - 3 potions of resistance
 d - 4 potions of might
 j - 7 potions of lignification {!q}
 u - 4 potions of berserk rage {!q}
 v - 8 potions of curing {@q1}
 w - 2 potions of mutation {!q}
 D - 5 potions of flight
 H - 3 potions of degeneration {!q@e2}
 I - 9 potions of ambrosia
 J - 6 potions of attraction {!q}
 R - 3 potions of haste {@q3}
Miscellaneous
 A - a piece from Xom's chessboard (15/15)
   (You found it on level 5 of the Dungeon)

Dungeon Overview and Level Annotations

Branches:
Dungeon (12/15) Zot: 25968  Temple (1/1) D:5 Zot: 5659    Lair (5/5) D:10 Zot: 23740
 Shoals (0/4) Lair:2        Snake (0/4) Lair:3        Slime (0/5) Lair:4
    Orc (2/2) D:12 Zot: 11029     Elf (0/3) Orc:2       Ossuary (visited)

Altars:
Ashenzari
Cheibriados
Dithmenos
Elyvilon
Fedhas
Gozag
Hepliaklqana
Kikubaaqudgha
Makhleb
Nemelex Xobeh
Okawaru
Qazlal
Ru
Sif Muna
Trog
Uskayaw
Vehumet
Wu Jian
Xom
Yredelemnul
Zin
The Shining One

Shops:
Orc:2 *

Annotations:
D:4 2 transporters
D:9 PhantomBowie's ghost, journeyman HOBe
Lair:3 2 transporters, Mail's ghost, journeyman TrFi

##.## ####.# ###
### # #####
.#..## #....#
##### #....##
##...### ......#
##..oo3o##
.....##
##...4@33.#
..)).###
#....##ooรท..#
..))##.####...##
#o4..#
..)))..).#....#
ooo..#
......)......##
o43.รท
.....)#......#
.5...
.............#
o...
.............#
....
..#..........#


You could see 2 orc knights, 3 orc high priests, a hellwing (summoned), a rust
devil (summoned), a sixfirhy (summoned), a smoke demon (summoned), a neqoxec
(summoned), a ynoxinul (summoned), 2 orc sorcerers, a red devil (summoned), an
orc warrior (strong), 2 orc priests, an orc wizard (strong) and an ufetubus
(summoned).


Message History

๐Ÿ˜• HP[-10]
You take 10 damage, and now have 134/148 hp.
You closely miss the orc warrior. ๐Ÿ˜• HP[+1]
You whack the orc warrior! You burn the orc warrior.
Your headbutt misses the orc warrior.
You peck the orc warrior, but do no damage.
The orc knight closely misses you. You furiously retaliate!
You headbutt the orc knight, but do no damage.
The orc high priest mumbles some strange prayers to Beogh against you.
Beogh smites you!
The orc high priest hits you but does no damage.
The orc warrior hits you but does no damage. x2 ๐Ÿ˜• HP[-9]
You take 9 damage, and now have 126/148 hp.
You whack the orc warrior! You burn the orc warrior.
Your headbutt misses the orc warrior. ๐Ÿ˜• HP[+1]
You hit the orc warrior. You burn the orc warrior.
You kill the orc warrior!
Trog accepts your kill. The orc warrior barely misses you.
The orc high priest hits you but does no damage.
The orc knight hits you but does no damage. ๐Ÿ˜• HP[+1]
An orc high priest comes into view. It is wielding a +0 trident.
An orc sorcerer comes into view.
It is wielding a +0 dagger and wearing a +2 robe of willpower.
An orc knight comes into view.
It is wielding a +1 war axe of distortion.
The orc priest hits you but does no damage.
The orc knight completely misses you.
The orc high priest invokes the aid of Beogh against you.
You resist with significant effort. The orc warrior closely misses you.
Items here: )) [[ โ€ โ€ . ๐Ÿ˜• HP[+2]
You regained 2 hp, and now have 130/148 hp.
You hit the orc knight but do no damage.
You peck the orc knight, but do no damage.
The orc high priest prays to Beogh.
The orc sorcerer gestures wildly while chanting.
The orc high priest mumbles some strange prayers to Beogh.
The orc priest barely misses you.
The orc knight roars a battlecry!
The orcs go into a battle-frenzy!
The orc high priest utters an invocation to Beogh.
The orc knight roars a battlecry!
The orc knight goes into a battle-frenzy! ๐Ÿ˜• HP[+1]
You hit the orc knight but do no damage.
Your peck misses the orc knight. ๐Ÿ˜• HP[+1]
You whack the orc knight! You burn the orc knight.
Your headbutt misses the orc knight.
The orc priest hits you but does no damage.
The orc high priest hits you with a +0 dire flail!
The orc knight hits you with a +0 dire flail!
The orc priest begins to cast a cantrip, but forgets the words!
The ynoxinul gestures. ๐Ÿ˜ฎ HP[-29]
You take 29 damage, and now have 103/148 hp.
You hit the orc knight but do no damage.
You headbutt the orc knight! You peck the orc knight. ๐Ÿ˜ฎ HP[+1]
You hit the orc knight. You burn the orc knight.
You headbutt the orc knight, but do no damage.
Your peck misses the orc knight. The rust devil hits you.
The rust devil corrodes you!
The orc high priest utters an invocation to Beogh.
The orc priest hits you but does no damage.
The orc high priest calls down the wrath of Beogh upon you.
Beogh smites you! The orc knight misses you.
The orc warrior hits you from afar with a +0 halberd!
The smoke demon gestures at you. Beogh smites you!
* * * LOW HITPOINT WARNING * * *
๐Ÿ˜จ HP[-34]
You take 34 damage, and now have 70/148 hp.
MASSIVE DAMAGE!! (PAUSE)
As you read the scroll of teleportation {@r4}, it crumbles to dust.
You feel strangely unstable.
The neqoxec disappears in a puff of smoke!
The sixfirhy hits you but does no damage.
The orc warrior barely misses you.
The orc sorcerer hits you with a +0 dagger.
* * * LOW HITPOINT WARNING * * *
An orc wizard comes into view. It is wielding a +0 dagger.
The orc high priest hits you but does no damage.
The orc knight hits you with a +0 dire flail!!!
* * * LOW HITPOINT WARNING * * *
The rust devil hits you.
The rust devil corrodes you! ๐Ÿ˜ฑ HP[-43]
You take 43 damage, and now have 27/148 hp.
MASSIVE DAMAGE!! (PAUSE)
You are confused.
You feel invigorated. The rust devil barely misses you.
The orc high priest hits you with a +0 dire flail!
* * * LOW HITPOINT WARNING * * *
The orc knight roars a battlecry!
The orc wizard goes into a battle-frenzy!
The orc knight hits you with a +0 dire flail!!
You die...

Skill      XL: |  1  2  3  4  5  6  7  8  9 10 11 12 13 14 |
---------------+-------------------------------------------+-----
Fighting       | 4 5 6 8 10 12 13 15 16 18 20 | 20.1
Axes           | 3 4 |  4.0
Shields        | 4 5 |  5.0
Armour         | 4 5 6 8 9 10 | 10.0
Maces & Flails | 3 6 8 10 12 14 16 17 19 | 19.6
Throwing       | 2 4 6 7 8 |  8.0

Action                   |  1- 3 |  4- 6 |  7- 9 | 10-12 | 13-15 || total
-------------------------+-------+-------+-------+-------+-------++-------
Melee: War axe           |    53 |    23 |       |       |       ||    76
       Headbutt          |     7 |    11 |    39 |   138 |   251 ||   446
       Mace              |       |    31 |   232 |   590 |     3 ||   856
       Peck              |       |       |       |    62 |   250 ||   312
       Whip              |       |       |       |       |  1043 ||  1043
Throw: Boomerang         |       |       |     4 |     1 |     3 ||     8
  Use: Scroll            |       |     7 |     5 |    19 |    10 ||    41
       Potion            |       |       |       |    12 |     4 ||    16
 Stab: Invisible         |       |       |       |     3 |       ||     3
Armor: Scale mail        |    23 |    11 |    32 |       |       ||    66
       Chain mail        |       |       |    34 |       |       ||    34
       Plate armour      |       |       |    24 |   400 |   564 ||   988
       Skin              |       |       |       |     5 |       ||     5
Dodge: Dodged            |    20 |    29 |   159 |   336 |   414 ||   958
Block: Buckler           |    14 |    12 |    61 |   159 |   202 ||   448

Levels and vault maps discovered:
D:1:      kilobyte_arrival_exit_the_forest, layout_loops_ring,
          basic_ecumenical_altar
D:2:      layout_rooms, uniq_jessica
D:3:      layout_loops_cross, uniq_crazy_yiuf_cottage
D:4:      gammafunk_cloud_chamber, layout_cave_pools
D:5:      layout_basic, minmay_temple_entry_sparse_star, chequers_mini_garden,
          hangedman_feature_mirror, hellmonk_bongcloud_opening, uniq_sigmund
D:6:      layout_basic, chequers_temple_overflow_statue_of_worship,
          chequers_serial_rivers_room_a
D:7:      layout_basic, mainiacjoe_overflow_tiny_flanked,
          gup_ossuary_entry_pyramid, guppyfry_early_elven_hall, uniq_pikel,
          uniq_maggie, uniq_duvessa
D:8:      layout_basic
D:9:      layout_cave_pods, mainiacjoe_overflow_chevrons, serial_undead,
          serial_undead_e, serial_undead_c, serial_undead_a, serial_undead_d,
          hellmonk_ghost_big_iron, hex_large, minmay_fractal_squares_diagonal_5
D:10:     layout_gridville, okawaru_gym_becter, erik_lair_orcish_takeover
D:11:     layout_roguey, kennysheep_windowed_goal
D:12:     layout_irregular_city, hiddenorc1_lemuel, uniq_sonja
Temple:   compressed_dpeg_triangle_lava_temple
Lair:1:   layout_cellular_growth, uniq_fannar, uniq_harold
Lair:2:   layout_cave_pods, minmay_shoals_entry_centaurs, serial_bayou,
          serial_bayou_pond_b, serial_bayou_pond_b, serial_bayou_pond_b,
          serial_bayou_pond_a, lemuel_oklob_altar, grunt_megastairs_2
Lair:3:   layout_chaotic_city, guppyfry_snake_entry_island, basic_altar,
          gammafunk_ghost_wrathful_warriors, beast_lair_carwin_4,
          grunt_megastairs_5
Lair:4:   layout_cave_pods, dpeg_slime_entry_corner, special_room
          [special_room_bee], ldierk_geyser, roderic_carrion_pond,
          serial_bayou_shore_b, uniq_josephine
Lair:5:   due_jungle_book, layout_loops_ring, serial_bayou_lagoon_a, uniq_snorg
Orc:1:    layout_caves, nicolae_alphabet_shops
Orc:2:    grunt_orc_tribal_feast, layout_diamond_mine, serial_shops,
          nicolae_shop_crystal, mines3_lemuel

Notes
Turn   | Place    | Note
-------+----------+-------------------------------------------
     0 | D:1      | Sanktem7 the Minotaur Fighter began the quest for the Orb.
     0 | D:1      | Reached XP level 1. HP: 19/19 MP: 0/0
     0 | D:1      | magus.rc [v1.9.6]
    72 | D:1      | You pick up a book of Cantrips and begin reading...
    72 | D:1      | You add the spells Necrotise, Summon Small Mammal and
                  | Apportation to your library.
   284 | D:1      | Found a faded altar of an unknown god.
   327 | D:1      | Reached skill level 4 in Fighting
   327 | D:1      | Reached XP level 2. HP: 19/27 MP: 1/1
   329 | D:1      | Reached skill level 3 in Axes
   796 | D:1      | You add the spells Ignite Poison, Mephitic Cloud and
                  | Freezing Cloud to your library.
  1058 | D:2      | Reached skill level 4 in Shields
  1066 | D:2      | Reached XP level 3. HP: 22/33 MP: 2/2
  1351 | D:2      | Noticed Jessica
  1356 | D:2      | Killed Jessica
  1357 | D:2      | Reached skill level 4 in Armour
  1357 | D:2      | Reached XP level 4. HP: 41/41 MP: 3/3
  1692 | D:3      | Found a runed translucent door.
  1693 | D:3      | Noticed Crazy Yiuf
  2174 | D:3      | Killed Crazy Yiuf
  2175 | D:3      | Reached skill level 4 in Axes
  2240 | D:4      | Found a transporter.
  2265 | D:4      | Reached skill level 5 in Fighting
  2265 | D:4      | Reached XP level 5. HP: 48/48 MP: 4/4
  2309 | D:4      | Reached skill level 1 in Maces & Flails
  2345 | D:4      | Reached skill level 2 in Maces & Flails
  2499 | D:4      | Found a transporter.
  2501 | D:4      | Noticed an ice beast
  2501 | D:4      | Noticed an ice beast
  2503 | D:4      | Noticed an ice beast
  2760 | D:5      | Entered Level 5 of the Dungeon
  2771 | D:5      | Noticed Sigmund
  2777 | D:5      | Killed Sigmund
  2778 | D:5      | Reached skill level 3 in Maces & Flails
  2778 | D:5      | Reached XP level 6. HP: 57/57 MP: 5/5
  2788 | D:5      | Found a snail-covered altar of Cheibriados.
  2797 | D:5      | Reached skill level 6 in Fighting
  2797 | D:5      | Reached skill level 5 in Armour
  2797 | D:5      | Reached skill level 5 in Shields
  2850 | D:5      | Reached XP level 7. HP: 64/64 MP: 6/6
  2885 | D:5      | Reached skill level 4 in Maces & Flails
  3084 | D:5      | Reached skill level 7 in Fighting
  3096 | D:5      | Reached skill level 5 in Maces & Flails
  3129 | D:5      | Found a staircase to the Ecumenical Temple.
  3143 | Temple   | Entered the Ecumenical Temple
  3455 | Temple   | Became a worshipper of Trog the Wrathful
  3501 | D:5      | Found a radiant altar of Vehumet.
  3564 | D:5      | Identified the +4 war axe of Judgement {venom, Drain Fly
                  | Int+2}
  3636 | D:6      | Found a shadowy altar of Dithmenos.
  3637 | D:6      | Found a glowing golden altar of the Shining One.
  3639 | D:6      | Found a basalt altar of Yredelemnul.
  3663 | D:6      | Reached skill level 8 in Fighting
  3663 | D:6      | Reached skill level 6 in Maces & Flails
  3663 | D:6      | Reached XP level 8. HP: 52/74 MP: 7/7
  3932 | D:6      | Reached skill level 7 in Maces & Flails
  4307 | D:7      | Noticed Dowan
  4310 | D:7      | Noticed Duvessa
  4313 | D:7      | Killed Duvessa
  4314 | D:7      | Reached skill level 9 in Fighting
  4318 | D:7      | Killed Dowan
  4354 | D:7      | You pick up a book of Transfigurations {forbidden@e2} and
                  | begin reading...
  4354 | D:7      | You add the spells Irradiate, Blade Hands and Dragon Form
                  | to your library.
  4366 | D:7      | Reached * piety under Trog
  4371 | D:7      | Found a radiant altar of Vehumet.
  4372 | D:7      | Noticed Pikel
  4379 | D:7      | Reached skill level 8 in Maces & Flails
  4382 | D:7      | Killed Pikel
  4383 | D:7      | Reached skill level 10 in Fighting
  4383 | D:7      | Reached XP level 9. HP: 69/85 MP: 8/8
  4466 | D:7      | Found a sand-covered staircase.
  4476 | Ossuary  | Entered an ossuary
  4571 | Ossuary  | Reached skill level 9 in Maces & Flails
  4578 | Ossuary  | Reached ** piety under Trog
  4959 | D:7      | You fall into a shaft and drop 1 floor!
  4979 | D:8      | Reached skill level 11 in Fighting
  4980 | D:8      | HP: 22/89 [wight/+2 short sword (9)]
  4987 | D:9      | HP: 13/85 [yak (4)]
  5120 | D:8      | Reached skill level 10 in Maces & Flails
  5210 | D:8      | Reached skill level 1 in Throwing
  5256 | D:8      | You pick up a book of Changes {forbidden} and begin
                  | reading...
  5256 | D:8      | You add the spells Beastly Appendage, Wereblood and Spider
                  | Form to your library.
  5360 | D:8      | You pick up a book of Displacement {forbidden} and begin
                  | reading...
  5360 | D:8      | You add the spells Lesser Beckoning, Gell's Gravitas and
                  | Teleport Other to your library.
  5373 | D:8      | You pick up a book of Minor Magic {forbidden} and begin
                  | reading...
  5373 | D:8      | You add the spells Magic Dart and Call Imp to your library.
  5893 | D:7      | Noticed a deep elf pyromancer
  5898 | D:7      | Killed a deep elf pyromancer
  5899 | D:7      | Reached skill level 12 in Fighting
  5899 | D:7      | Reached skill level 2 in Throwing
  5899 | D:7      | Reached XP level 10. HP: 94/97 MP: 9/9
  5952 | D:7      | Noticed Maggie
  5962 | D:7      | Killed Maggie
  5963 | D:7      | Reached skill level 11 in Maces & Flails
  6366 | D:9      | Reached skill level 3 in Throwing
  6377 | D:9      | Reached *** piety under Trog
  6377 | D:9      | HP: 24/100 [yak (5)]
  6602 | D:9      | Noticed a two-headed ogre
  6609 | D:9      | Killed a two-headed ogre
  6610 | D:9      | Reached skill level 13 in Fighting
  6610 | D:9      | Reached skill level 12 in Maces & Flails
  6631 | D:9      | You pick up a book of Callings {forbidden} and begin
                  | reading...
  6631 | D:9      | You add the spells Call Canine Familiar and Summon Guardian
                  | Golem to your library.
  6632 | D:9      | Found a broken altar of Ashenzari.
  6791 | D:9      | Reached skill level 4 in Throwing
  6826 | D:9      | Reached XP level 11. HP: 74/108 MP: 10/10
  6853 | D:9      | Reached skill level 13 in Maces & Flails
  6943 | D:9      | HP: 24/108 [orc warrior/+0 long sword (13)]
  6953 | D:9      | HP: 18/108 [ufetubus[a kobold demonologist] (2)]
  6955 | D:9      | Reached skill level 14 in Fighting
  6955 | D:9      | Reached skill level 5 in Throwing
  6958 | D:9      | HP: 14/110 [troll (4)]
  6958 | D:9      | HP: 3/110 [troll (11)]
  7055 | D:9      | Reached **** piety under Trog
  7082 | D:9      | Identified the +3 leather armour of Rixzej {rF++ rC- Dex+4}
  7171 | D:9      | Paralysed by an orc wizard for 3 turns
  7258 | D:9      | Noticed PhantomBowie's ghost (journeyman HOBe)
  7264 | D:9      | Found a runed translucent door.
  7558 | D:10     | Entered Level 10 of the Dungeon
  7584 | D:10     | HP: 20/111 [yak (8)]
  7585 | D:10     | HP: 8/111 [wyvern (10)]
  7590 | D:10     | HP: 27/111 [wyvern (2)]
  7591 | D:10     | HP: 10/111 [yak (11)]
  7604 | D:10     | HP: 33/166 [yak (5)]
  7748 | D:10     | You pick up a book of Storms {forbidden} and begin
                  | reading...
  7748 | D:10     | You add the spells Airstrike, Summon Lightning Spire and
                  | Lightning Bolt to your library.
  7769 | D:10     | Found a staircase to the Lair.
  7828 | D:10     | Noticed a two-headed ogre
  7859 | D:10     | HP: 11/111 [two-headed ogre/+0 giant club (26)]
  7962 | D:10     | Identified the +10 dagger "Rangis" {drain, rF+ rC+ Dex+2}
  8092 | D:10     | Reached skill level 14 in Maces & Flails
  8105 | D:10     | Killed a two-headed ogre
  8106 | D:10     | Reached skill level 6 in Armour
  8107 | D:10     | HP: 24/111 [yak (6)]
  8107 | D:10     | HP: 11/111 [yak (13)]
  8110 | D:10     | Reached skill level 15 in Fighting
  8110 | D:10     | Reached skill level 6 in Throwing
  8405 | D:10     | Noticed a cyan ugly thing
  8416 | D:10     | Killed a cyan ugly thing
  8471 | D:10     | You pick up a book of Callings {forbidden} and begin
                  | reading...
  8587 | D:10     | Found an iron altar of Okawaru.
  8627 | D:10     | Gained mutation: You have a beak for a mouth. [potion of
                  | mutation]
  8627 | D:10     | Gained mutation: You have large cloven feet. [potion of
                  | mutation]
  8658 | Lair:1   | Entered Level 1 of the Lair of Beasts
  8671 | Lair:1   | Reached XP level 12. HP: 119/121 MP: 11/11
  9037 | Lair:1   | You fall into a shaft and drop 1 floor!
  9039 | Lair:2   | Found an ornate altar of the Wu Jian Council.
  9073 | Lair:2   | Reached skill level 7 in Armour
  9119 | Lair:2   | Reached skill level 15 in Maces & Flails
  9132 | Lair:2   | Reached ***** piety under Trog
  9148 | Lair:2   | HP: 24/122 [basilisk (13)]
  9155 | Lair:2   | HP: 25/122 [yak (12)]
  9254 | Lair:2   | Identified the +0 plate armour of Context {rF- Regen+ Str+3
                  | Int+4}
  9287 | Lair:2   | Reached skill level 16 in Fighting
  9355 | Lair:2   | Reached skill level 7 in Throwing
  9468 | Lair:2   | Found a staircase to the Shoals.
  9470 | Lair:2   | Noticed a four-headed hydra
  9483 | Lair:2   | Killed a four-headed hydra
  9621 | Lair:2   | Identified the +8 whip of Annihilation {flame, rElec Int+2
                  | SInv}
 10554 | Lair:1   | Noticed Fannar
 10558 | Lair:1   | Reached skill level 8 in Armour
 10575 | Lair:1   | HP: 28/124 [blink frog (6)]
 10578 | Lair:1   | Killed Fannar
 10742 | Lair:1   | Received a gift from Trog
 10789 | Lair:1   | Noticed Harold
 10802 | Lair:1   | Killed Harold
 10803 | Lair:1   | Reached skill level 16 in Maces & Flails
 10828 | Lair:1   | Reached XP level 13. HP: 109/130 MP: 12/12
 11038 | Lair:1   | You pick up a book of Debilitation {forbidden} and begin
                  | reading...
 11038 | Lair:1   | You add the spells Slow, Vampiric Draining and Confusing
                  | Touch to your library.
 11413 | Lair:3   | Found a staircase to the Snake Pit.
 11485 | Lair:3   | HP: 32/130 [cane toad (2)]
 11488 | Lair:3   | HP: 6/130 [catoblepas (12)]
 11740 | Lair:3   | Reached skill level 17 in Fighting
 11871 | Lair:3   | Found a transporter.
 11874 | Lair:3   | Found a shadowy altar of Dithmenos.
 11886 | Lair:3   | Noticed Mail's ghost (journeyman TrFi)
 11901 | Lair:3   | Found a transporter.
 11919 | Lair:3   | Found a bloodstained altar of Trog.
 11950 | Lair:3   | Reached skill level 8 in Throwing
 12697 | Lair:4   | Noticed Josephine
 12713 | Lair:4   | Killed Josephine
 12893 | Lair:4   | HP: 29/133 [meliai/divine providence (11)]
 12898 | Lair:4   | HP: 24/133 [killer bee (7)]
 12900 | Lair:4   | HP: 3/133 [meliai/divine providence (9)]
 12905 | Lair:4   | HP: 25/133 [killer bee (5)]
 13050 | Lair:4   | Found a staircase to the Slime Pits.
 13385 | Lair:4   | Reached skill level 17 in Maces & Flails
 13499 | Lair:5   | Entered Level 5 of the Lair of Beasts
 13504 | Lair:5   | Reached skill level 9 in Armour
 13560 | Lair:5   | Identified the +0 robe of the Desert {Int+2}
 13617 | Lair:5   | Noticed Snorg
 13628 | Lair:5   | Killed Snorg
 13746 | Lair:5   | Reached skill level 18 in Fighting
 13759 | Lair:5   | Received a gift from Trog
 14033 | Lair:5   | You pick up a book of Flames {forbidden} and begin
                  | reading...
 14033 | Lair:5   | You add the spells Foxfire, Conjure Flame, Inner Flame and
                  | Flame Wave to your library.
 14225 | Lair:5   | You pick up a book of Sloth {forbidden} and begin
                  | reading...
 14225 | Lair:5   | You add the spells Petrify, Metabolic Englaciation and
                  | Statue Form to your library.
 14259 | Lair:5   | Noticed a dire elephant
 14260 | Lair:5   | Noticed a dire elephant
 14279 | Lair:5   | Killed a dire elephant
 14297 | Lair:5   | Noticed a dire elephant
 14312 | Lair:5   | Killed a dire elephant
 14313 | Lair:5   | Reached XP level 14. HP: 91/144 MP: 13/13
 14371 | Lair:5   | Reached skill level 10 in Armour
 14374 | Lair:5   | Reached skill level 18 in Maces & Flails
 14664 | Lair:5   | Reached skill level 19 in Fighting
 15405 | D:11     | You pick up a book of Displacement {forbidden} and begin
                  | reading...
 16021 | D:12     | Reached skill level 19 in Maces & Flails
 16077 | D:12     | You pick up a book of Conjurations {forbidden@e2} and begin
                  | reading...
 16077 | D:12     | You add the spells Searing Ray and Fulminant Prism to your
                  | library.
 16217 | D:12     | You pick up a book of Displacement {forbidden} and begin
                  | reading...
 16233 | D:12     | You pick up a book of Minor Magic {forbidden} and begin
                  | reading...
 16255 | D:12     | Noticed Sonja
 16274 | D:12     | Killed Sonja
 16714 | D:12     | You pick up a book of Air {forbidden} and begin reading...
 16714 | D:12     | You add the spells Shock and Swiftness to your library.
 16749 | D:12     | Found a staircase to the Orcish Mines.
 16945 | Orc:1    | Entered Level 1 of the Orcish Mines
 16955 | Orc:1    | Received a gift from Trog
 17162 | Orc:2    | Entered Level 2 of the Orcish Mines
 17162 | Orc:2    | Found Hinnot's General Store.
 17204 | Orc:2    | Identified a +2 robe of the Archmagi
 17561 | Orc:2    | Reached skill level 20 in Fighting
 17577 | Orc:2    | Found a staircase to the Elven Halls.
 17637 | Orc:2    | Reached ****** piety under Trog
 17991 | Orc:2    | Paralysed by an orc sorcerer for 2 turns
 18009 | Orc:2    | HP: 27/148 [orc knight/+0 dire flail (40)]
 18010 | Orc:2    | Mangled by an orc knight

Vanquished Creatures
  3 dire elephants (Lair:5)
  Snorg (Lair:5)
  Josephine (Lair:4)
  A boulder beetle (D:11)
  Fannar (Lair:1)
  6 hydras
  A catoblepas (Lair:3)
  Harold (Lair:1)
  4 two-headed ogres
  A death yak (Lair:5)
  Sonja (D:12)
  A spectral death yak (Lair:5)
  A spectral anaconda (Lair:5)
  An obsidian statue (Lair:5)
  A deep elf pyromancer (D:7)
  2 orc knights (Orc:2)
  Pikel (D:7)
  An ugly thing (D:10)
  4 necromancers (Lair:5)
  4 oklob plants
  A mana viper (shapeshifter) (D:12)
  3 orc sorcerers (Orc:2)
  A manticore (D:12)
  9 elephants (Lair:5)
  A dire elephant zombie (Lair:5)
  18 cane toads
  2 black mambas
  2 gargoyles
  Maggie (D:7)
  5 unseen horror zombies (D:9)
  2 kobold demonologists
  An efreet (D:12)
  3 rime drakes
  7 komodo dragons
  5 trolls
  2 polar bears
  3 spectral elephants (Lair:5)
  A queen bee (Lair:4)
  3 meliai (Lair:4)
  10 blink frogs
  Sigmund (D:5)
  A vampire (D:12)
  A shadow (D:12)
  4 basilisks
  6 wyverns
  8 wraiths
  67 yaks
  A steam dragon (D:9)
  A death yak simulacrum (Lair:5)
  5 wargs
  7 vampire mosquitoes (D:12)
  A spectral cane toad (Lair:5)
  2 nagas (Lair:3)
  5 acid dragons
  14 water moccasins
  Duvessa (D:7)
  18 orc warriors
  A sky beast (D:7)
  3 ogres
  A black bear (Lair:3)
  An elephant zombie (Lair:5)
  13 wolves
  6 centaurs
  An elf zombie (Ossuary)
  A phantom (D:6)
  3 elephant skeletons (Lair:5)
  2 kobold brigands
  15 bullfrogs
  2 cane toad simulacra (Lair:5)
  A scorpion (Lair:1)
  6 necrophages
  11 wights
  Dowan (D:7)
  29 killer bees
  An elephant simulacrum (Lair:5)
  3 howler monkeys
  2 electric eels
  7 centaur zombies
  A jelly (D:5)
  Crazy Yiuf (D:3)
  4 hounds
  19 orc priests
  Jessica (D:2)
  7 iguanas
  18 orc wizards
  6 hell rats (Lair:5)
  3 mummies
  2 howler monkey zombies (D:9)
  A gnoll (D:1)
  5 adders
  A white imp (D:7)
  3 ufetubi (D:5)
  A worm (D:4)
  3 dart slugs
  85 orcs
  4 endoplasms
  A giant cockroach (D:2)
  4 goblins
  4 hobgoblins
  2 jackals (D:1)
  9 kobolds
  3 quokkas
  3 ball pythons
  2 bats (D:3)
  A frilled lizard (D:3)
  2 goblin zombies (Ossuary)
  12 hobgoblin zombies (Ossuary)
  A jackal zombie (Ossuary)
  8 kobold zombies (Ossuary)
  7 orc zombies (Ossuary)
  4 rats
  2 rat zombies (Ossuary)
600 creatures vanquished.

Vanquished Creatures (others)
  20 fungi
  86 plants
  18 withered plants
124 creatures vanquished.

Grand Total: 724 creatures vanquished

Table legend:
 A = Non-vault XP
 B = Vault XP
 C = Vault XP percentage of total XP
 D = Non-vault monster count
 E = Vault monster count
 F = Vault count percentage of total count
                 A         B        C        D         E       F
            +---------+---------+-------+---------+---------+-------
      Total |   59523 |   36787 |  38.2 |     399 |     201 |  33.5
            +---------+---------+-------+---------+---------+-------
        D:1 |      35 |       0 |   0.0 |      12 |       0 |   0.0
        D:2 |      35 |      37 |  51.4 |      11 |       1 |   8.3
        D:3 |      19 |      42 |  68.9 |      10 |       1 |   9.1
        D:4 |     166 |       0 |   0.0 |       6 |       0 |   0.0
        D:5 |     416 |     540 |  56.5 |      21 |       5 |  19.2
        D:6 |     691 |       0 |   0.0 |      18 |       0 |   0.0
        D:7 |     852 |    1869 |  68.7 |      24 |       6 |  20.0
        D:8 |    1236 |       0 |   0.0 |      19 |       0 |   0.0
        D:9 |    5464 |    3433 |  38.6 |      34 |      21 |  38.2
       D:10 |    5734 |     622 |   9.8 |      27 |       8 |  22.9
       D:11 |    4727 |     597 |  11.2 |      17 |      11 |  39.3
       D:12 |    5995 |     841 |  12.3 |      24 |       8 |  25.0
     Lair:1 |    5776 |    1717 |  22.9 |      29 |       2 |   6.5
     Lair:2 |    6058 |    3469 |  36.4 |      25 |      13 |  34.2
     Lair:3 |    3816 |    2743 |  41.8 |      12 |       9 |  42.9
     Lair:4 |    1502 |    4500 |  75.0 |       7 |      31 |  81.6
     Lair:5 |   12493 |   13818 |  52.5 |      46 |      30 |  39.5
      Orc:1 |     459 |       0 |   0.0 |       9 |       0 |   0.0
      Orc:2 |    4049 |    2208 |  35.3 |      48 |      16 |  25.0
    Ossuary |       0 |     351 | 100.0 |       0 |      39 | 100.0
            +---------+---------+-------+---------+---------+-------

Illustrated notes

Table legend:
 A = Kills in this place as a percentage of kills in entire the game.
 B = Kills by you in this place as a percentage of kills by you in the entire game.
 C = Kills by friends in this place as a percentage of kills by friends in the entire game.
 D = Other kills in this place as a percentage of other kills in the entire game.
 E = Experience gained in this place as a percentage of experience gained in the entire game.
 F = Experience gained in this place divided by the number of levels of this place that you have seen.
                   A       B       C       D       E      F
               +-------+-------+-------+-------+-------+----------------------
         Total | 100.0 | 100.0 |   N/A |   N/A | 100.0 | 4586.2
       Dungeon |  47.3 |  47.3 |   N/A |   N/A |  34.6 | 2779.2
          Lair |  34.0 |  34.0 |   N/A |   N/A |  58.0 | 11178.4
  Orcish Mines |  12.2 |  12.2 |   N/A |   N/A |   7.0 | 3358.0
       Ossuary |   6.5 |   6.5 |   N/A |   N/A |   0.4 | 351.0
               +-------+-------+-------+-------+-------+----------------------

Table legend: (Time is in decaauts)
 A = Elapsed time spent in this place.
 B = Non-inter-level travel time spent in this place.
 C = Inter-level travel time spent in this place.
 D = Time resting spent in this place.
 E = Time spent auto-exploring this place.
 F = Levels seen in this place.
 G = Mean time per level.
                   A        B        C        D        E       F      G
               +--------+--------+--------+--------+--------+-----+--------+
         Total |  17512 |  16621 |    891 |    605 |  12671 |  21 |  833.9 |
       Dungeon |   9741 |   9298 |    443 |    261 |   7250 |  12 |  811.8 |
        Temple |    340 |    340 |      0 |      0 |    293 |   1 |  340.0 |
          Lair |   6259 |   5825 |    434 |    344 |   4311 |   5 | 1251.8 |
  Orcish Mines |    970 |    957 |     13 |      0 |    724 |   2 |  485.0 |
       Ossuary |    200 |    200 |      0 |      0 |     93 |   1 |  200.0 |
               +--------+--------+--------+--------+--------+-----+--------+

Top non-repeatable levels by time:
  Lair:2: 1614 daAuts
  Lair:5: 1405 daAuts
     D:9: 1316 daAuts
  Lair:4: 1163 daAuts
  Lair:1: 1059 daAuts
     D:1: 1053 daAuts
  Lair:3: 1017 daAuts
    D:12: 1015 daAuts
     D:7: 985 daAuts
    D:10: 952 daAuts
     D:8: 849 daAuts
   Orc:2: 761 daAuts
     D:3: 682 daAuts
     D:6: 660 daAuts
    D:11: 614 daAuts
